AoeStats
← zamithdaniel

Black Forest

507004450Analyzed
3v3 RM · 18d ago on Sep 16, 2026· 32m 56s· 6 players
Game mode
Random Map
Map size
Normal (6 player)
Population
200
Speed
Normal
Resources
Standard
Victory
Conquest
Starting age
Dark Age
Ending age
Imperial Age
RankedLock teamsTeams togetherTeam positionsShared explorationLock speedFull tech treeHidden civsTurbo modeCheats
Victory
Defeat
🇨🇴 Turks · Colombia
917
+2
🇨🇳 Cumans · China
745
+7
🇺🇸 Vikings · United States
661
+6
🇦🇷 Bohemians · Argentina
403
-5
🇦🇷 Portuguese · Argentina
397
-3
🇦🇷 Huns · Argentina
374
-3
Maurusoscuro
15:55 Feudal Age
18:18 Wheelbarrow
20:15 Double-Bit Axe
20:14 Horse Collar
28:38 Castle Age
29:55 Hand Cart
31:00 Bow Saw
30:53 Heavy Plow
rex77731
10:33 Feudal Age
8:49 Loom
13:02 Double-Bit Axe
15:38 Wheelbarrow
14:50 Town Watch
21:51 Horse Collar
27:01 Castle Age
27:19 Scale Barding Armor
27:25 Forging
28:29 Bloodlines
30:43 Husbandry
LAUTY71990
1:13 Loom
14:24 Feudal Age
14:55 Double-Bit Axe
15:00 Horse Collar
15:17 Gold Mining
21:57 Wheelbarrow
23:37 Castle Age
Misha_Dyson
12:06 Feudal Age
13:31 Loom
17:29 Castle Age
15:57 Double-Bit Axe
16:55 Horse Collar
17:40 Gold Mining
20:07 Forging
35:36 Imperial Age
zamithdaniel
12:18 Feudal Age
13:23 Double-Bit Axe
16:55 Castle Age
16:17 Horse Collar
18:05 Heavy Plow
26:53 Bow Saw
27:16 Stone Mining
27:17 Gold Mining
32:28 Imperial Age
30:40 Gold Shaft Mining
30:45 Wheelbarrow
29:56 Town Watch
29:56 Loom
31:41 Padded Archer Armor
31:52 Forging
31:48 Scale Barding Armor
32:59 Fortified Wall
33:10 Ballistics
1213350746
14:25 Feudal Age
15:46 Wheelbarrow
15:19 Double-Bit Axe
15:28 Gold Mining
16:27 Horse Collar
22:23 Stone Mining
26:00 Castle Age
24:40 Bloodlines
25:27 Arson
27:00 Thumb Ring
27:32 Hand Cart
27:39 Squires
28:10 Bow Saw
29:48 Gold Shaft Mining
29:18 Heavy Plow
28:55 Pikeman
29:32 Town Watch
30:26 Masonry
30:13 Murder Holes
34:38 Imperial Age
Connection lost

Rejoining the realm…

Still unreachable

The connection could not be restored.

Session expired

The server has moved on; the page needs a fresh start.